Map: Junção Kairos LE

Players

Vicster - Winner!

  • Race: Terran Terran
  • League: Gold
  • Spawn Location: 11:00

urekmazino

  • Race: Zerg Zerg
  • League: Gold
  • Spawn Location: 5:00

VOD

Have the link to the VOD?

Description

Time

  • Played on: Jan. 9, 2019, 4:11 p.m.
  • Length: 10:30
Show
View Real Time Build Order
Export as new Build Order

Vicster Terran - Winner!

Build Orders: Reaper Expand 

Get SALT Encoding   

  12  0:01  SCV  
  13  0:14  SCV  
  13  0:18  Supply Depot  
  14  0:26  SCV  
  15  0:40  SCV  
  15  0:42  Barracks  
  16  0:49  Refinery  
  16  0:52  SCV  
  17  1:04  SCV  
  18  1:16  SCV  
  19  1:28  Orbital Command  
  19  1:33  Reaper  
  20  1:43  Command Center  
  20  1:54  SCV  
  21  2:06  SCV  
  22  2:10  Factory  
  22  2:20  SCV  
  23  2:24  Supply Depot  
  23  3:01  Orbital Command  
  23  3:03  Barracks Reactor  
  23  3:05  Factory Tech Lab  
  22  3:08  SCV  
  22  3:09  Command Center  
  22  3:12  Refinery  
  23  3:15  Starport  
  23  3:20  Barracks  
  23  3:22  SCV  
  24  3:34  SCV  
  24  3:38  SCV  
  24  3:40  Marine x2  
  28  3:46  SCV  
  28  3:48  Cyclone  
  32  3:58  SCV  
  32  4:00  Starport Reactor  
  33  4:02  Barracks  
  33  4:05  Marine x2  
  33  4:08  Barracks Tech Lab  
  35  4:10  SCV  
  35  4:11  SCV  
  37  4:23  Barracks, SCV  
  38  4:33  SCV  
  38  4:35  SCV  
  38  4:36  Orbital Command  
  38  4:37  Medivac  
  42  4:41  Marine x2  
  42  4:43  Marine  
  42  4:45  SCV  
  46  4:47  SCV  
  47  4:53  Barracks Reactor  
  47  4:59  Marine x2  
  49  5:00  Marine  
  49  5:01  SCV  
  49  5:02  SCV  
  52  5:12  SCV  
  52  5:14  SCV x2  
  54  5:15  Refinery  
  54  5:16  Command Center  
  54  5:17  Refinery, Medivac  
  57  5:26  SCV  
  58  5:29  Supply Depot  
  58  5:33  Supply Depot  
  58  5:35  Engineering Bay x2  
  58  5:36  SCV  
  58  5:37  SCV  
  58  5:38  SCV  
  58  5:42  Stimpack  
  61  5:43  Barracks Tech Lab  
  61  5:51  Marine x3, SCV  
  61  5:53  Marine  
  61  5:55  SCV  
  67  6:08  Orbital Command  
  67  6:09  Marine  
  68  6:13  Supply Depot  
  68  6:17  Terran Infantry Weapons Level 1  
  68  6:18  Terran Infantry Armor Level 1  
  68  6:26  Armory  
  68  6:29  SCV x2  
  68  6:30  Barracks  
  68  6:32  Marine x2  
  71  6:33  Marine x2  
  71  6:34  Medivac  
  71  6:35  Marine  
  77  6:41  SCV x2  
  77  6:44  Refinery  
  77  6:46  Supply Depot  
  79  6:47  Refinery  
  79  6:54  Marine x2, Marauder  
  79  6:55  Marauder  
  79  6:58  Siege Tank  
  88  7:15  SCV x3  
  91  7:21  Marine x4  
  91  7:22  Marauder x2  
  99  7:27  SCV x3  
  102  7:32  Supply Depot  
  102  7:38  Terran Vehicle Weapons Level 1  
  102  7:43  Marauder  
  102  7:44  Marine x2, Marauder  
  108  7:54  Marine, Supply Depot, Siege Tank, Medivac x2  
  108  7:57  Planetary Fortress  
  116  8:09  Barracks Tech Lab  
  116  8:11  Barracks  
  116  8:16  Marauder, SCV x3  
  116  8:19  Command Center  
  121  8:24  Medivac  
  123  8:28  SCV  
  124  8:41  Supply Depot  
  124  8:52  Combat Shield  
  124  8:54  Concussive Shells  
  124  9:02  Marine x3  
  124  9:03  Marine, Marauder, SCV, Supply Depot  
  132  9:10  Marine, SCV  
  132  9:11  Medivac x2  
  132  9:12  Marauder  
  132  9:14  Siege Tank  
  130  9:20  Marine x3  
  130  9:21  Marauder  
  132  9:25  Marauder, Supply Depot  
  132  9:28  Marine  
  132  9:30  Orbital Command  
  131  9:33  Marine  
  132  9:38  Marine x3  
  132  9:41  Medivac x2  
  132  9:42  Marauder  
  141  9:46  Marine, Siege Tank  
  141  9:47  Marauder  
  141  9:50  Supply Depot  
  141  9:51  Marauder, Command Center  
Show
View Real Time Build Order
Export as new Build Order

urekmazino Zerg 

Build Orders: Hatch First 

Get SALT Encoding   

  12  0:02  Drone  
  13  0:13  Overlord  
  13  0:19  Drone  
  14  0:31  Drone  
  14  0:32  Drone  
  16  0:43  Drone  
  17  0:55  Hatchery  
  16  0:58  Drone  
  16  1:00  Extractor  
  16  1:03  Drone  
  17  1:18  Spawning Pool  
  17  1:20  Drone  
  17  1:26  Drone  
  17  1:30  Drone  
  19  1:41  Overlord  
  19  2:12  Queen, Metabolic Boost  
  19  2:13  Queen  
  24  2:15  Zergling x4  
  24  2:16  Drone  
  24  2:18  Drone  
  27  2:26  Overlord  
  27  2:37  Extractor  
  27  2:48  Drone x4  
  31  3:03  Drone x3  
  31  3:04  Drone  
  35  3:13  Drone  
  35  3:14  Drone  
  35  3:18  Hatchery  
  36  3:21  Drone  
  36  3:24  Queen  
  39  3:30  Lair  
  39  3:32  Drone  
  40  3:34  Drone  
  40  3:37  Drone  
  40  3:38  Drone  
  40  3:40  Drone  
  44  3:51  Extractor  
  44  3:52  Drone  
  44  3:53  Extractor  
  44  3:54  Overlord x2, Drone  
  44  4:20  Drone x2  
  44  4:21  Drone  
  44  4:22  Drone x2  
  49  4:27  Overlord x2  
  49  4:29  Drone  
  49  4:30  Drone x4  
  54  4:34  Queen  
  56  4:44  Drone  
  56  4:45  Drone x6  
  62  4:51  Pneumatized Carapace  
  63  4:56  Baneling Nest  
  63  4:58  Infestation Pit  
  63  4:59  Drone x3  
  64  5:02  Evolution Chamber, Zergling x2  
  64  5:17  Overseer  
  64  5:19  Overseer  
  64  5:24  Drone  
  64  5:25  Drone x3  
  64  5:26  Overlord  
  68  5:29  Zerg Melee Weapons Level 1  
  68  5:33  Evolution Chamber  
  67  5:35  Hive  
  67  5:36  Zergling x2  
  67  5:37  Zergling x12  
  74  5:43  Overlord x2  
  74  5:44  Overlord  
  74  5:51  Extractor, Drone  
  74  5:52  Extractor, Drone x3  
  76  6:00  Drone x2  
  76  6:01  Drone  
  76  6:02  Zergling x4  
  76  6:03  Zergling x6  
  76  6:04  Zergling x4  
  86  6:08  Zerg Ground Armor Level 1  
  86  6:28  Spore Crawler  
  86  6:29  Spore Crawler  
  86  6:30  Spore Crawler  
  82  6:35  Spore Crawler  
  82  6:36  Spore Crawler, Drone x2  
  82  6:37  Spore Crawler, Drone  
  82  6:47  Spore Crawler x2  
  81  6:51  Spore Crawler  
  81  6:52  Spore Crawler, Drone x4  
  82  6:59  Adrenal Glands  
  82  7:06  Spire  
  81  7:13  Drone x3  
  81  7:14  Drone x4  
  81  7:15  Hydralisk Den  
  87  7:23  Centrifical Hooks  
  87  7:26  Baneling  
  87  7:27  Baneling x6  
  87  7:28  Baneling x2  
  87  7:29  Zergling x20  
  97  8:02  Hatchery  
  96  8:12  Hydralisk  
  96  8:13  Hydralisk x4  
  96  8:15  Overlord x3  
  96  8:16  Overlord x3  
  106  8:20  Grooved Spines  
  106  8:36  Spore Crawler  
  106  8:37  Spore Crawler x4  
  106  8:38  Spore Crawler  
  97  9:23  Hydralisk  
  97  9:24  Hydralisk x8  
  82  9:38  Zergling x2  
  82  9:39  Zergling x4  
  84  9:49  Zergling x2  
  84  9:50  Zergling x10  
  90  10:00  Baneling x5  
  90  10:01  Baneling  
  90  10:04  Zergling x8  
Tags
 
Add a new tag
Caveats
  • Supply blocks, unpowered buildings, or Contaminate may cause inaccurate times.
  • Supply counts are checked every 10 seconds.